AoeStats
← Launger

Arena

506460252Analyzed
4v4 RM · 20d ago on Sep 13, 2026· 56m 54s· 8 players
Game mode
Random Map
Map size
Large (8 player)
Population
200
Speed
Normal
Resources
Standard
Victory
Conquest
Starting age
Dark Age
Ending age
Imperial Age
RankedLock teamsTeams togetherTeam positionsShared explorationLock speedFull tech treeHidden civsTurbo modeCheats
Victory
Defeat
🇨🇦 Khmer · Canada
1091
+14
🇨🇴 Chinese · Colombia
1030
+16
🇺🇸 Hindustanis · United States
1030
+16
🇧🇷 Huns · Brazil
997
+18
🇵🇱 Turks · Poland
1083
-17
🇩🇪 Teutons · Germany
1053
-17
🇨🇴 Georgians · Colombia
1022
-15
1002
-15
jonas.priel
10:53 Feudal Age
16:12 Castle Age
15:32 Horse Collar
16:19 Double-Bit Axe
19:13 Bow Saw
21:50 Town Watch
22:28 Heavy Plow
24:34 Wheelbarrow
24:00 Pikeman
26:53 Gold Mining
29:22 Hand Cart
32:04 Imperial Age
29:23 Loom
29:36 Stone Mining
30:24 Scale Mail Armor
30:30 Scale Barding Armor
30:35 Forging
31:31 Hand Cart
32:34 Squires
32:24 Arson
33:12 Ballistics
34:14 Chemistry
33:59 Crop Rotation
34:44 Two-Man Saw
34:11 Town Patrol
35:05 Chain Mail Armor
35:01 Forging
35:04 Halberdier
37:43 Crenellations
40:40 Ironclad
40:43 Bloodlines
39:54 Cavalier
41:44 Hoardings
40:40 Sappers
40:52 Elite Teutonic Knight
46:26 Plate Mail Armor
46:32 Iron Casting
46:18 Chain Barding Armor
49:40 Blast Furnace
48:03 Heavy Scorpion
48:04 Onager
50:27 Plate Barding Armor
50:49 Paladin
55:39 Siege Onager
Weich94
10:19 Loom
13:36 Feudal Age
17:56 Castle Age
16:12 Double-Bit Axe
16:08 Horse Collar
17:38 Scale Barding Armor
19:28 Forging
19:36 Bloodlines
19:26 Husbandry
20:04 Bow Saw
26:18 Iron Casting
27:37 Chain Barding Armor
29:32 Fletching
30:09 Gold Mining
36:15 Imperial Age
37:16 Ballistics
36:22 Elite Monaspa
37:24 Conscription
37:10 Aznauri Cavalry
38:21 Fortified Wall
40:06 Blast Furnace
39:53 Bodkin Arrow
40:52 Hoardings
40:43 Heavy Scorpion
44:18 Chemistry
43:54 Scale Mail Armor
44:49 Pikeman
45:45 Chain Mail Armor
46:22 Halberdier
47:02 Squires
46:48 Arson
46:48 Gambesons
49:42 Padded Archer Armor
53:59 Plate Mail Armor
Анольный Картель 7kmmr
11:17 Feudal Age
11:43 Double-Bit Axe
18:17 Castle Age
22:32 Bow Saw
22:05 Horse Collar
34:14 Squires
37:48 Gambesons
37:49 Arson
39:41 Scale Mail Armor
41:07 Forging
41:13 Chain Mail Armor
43:15 Iron Casting
43:51 Light Cavalry
Launger
10:41 Feudal Age
14:25 Castle Age
12:17 Double-Bit Axe
17:30 Loom
18:20 Bow Saw
22:25 Wheelbarrow
23:40 Fletching
23:50 Padded Archer Armor
24:02 Forging
23:58 Scale Barding Armor
25:43 Chain Barding Armor
25:34 Forging
25:38 Bloodlines
28:39 Imperial Age
26:21 Gold Mining
27:43 Fletching
29:23 Bodkin Arrow
36:16 Plate Barding Armor
36:16 Iron Casting
37:31 Gold Shaft Mining
38:03 Bracer
38:14 Artillery
40:49 Husbandry
DerkerTheBerserker
10:58 Feudal Age
17:20 Castle Age
15:53 Double-Bit Axe
16:35 Horse Collar
19:15 Bow Saw
19:49 Wheelbarrow
20:29 Bloodlines
20:35 Loom
22:57 Hand Cart
22:36 Town Watch
23:27 Heavy Plow
23:40 Husbandry
25:18 Scale Barding Armor
25:52 Gold Mining
25:54 Stone Mining
27:38 Stone Shaft Mining
27:40 Gold Shaft Mining
29:39 Forging
29:51 Chain Barding Armor
31:12 Light Cavalry
34:32 Imperial Age
32:16 Grand Trunk Road
35:45 Iron Casting
35:36 Conscription
36:31 Chemistry
35:42 Masonry
35:52 Ballistics
36:56 Two-Man Saw
36:04 Pikeman
36:10 Heavy Camel Rider
39:36 Squires
39:22 Arson
42:32 Conscription
44:17 Hoardings
TigerKing
13:54 Feudal Age
17:01 Castle Age
14:48 Double-Bit Axe
14:46 Horse Collar
15:20 Gold Mining
15:40 Stone Mining
27:19 Bow Saw
28:04 Loom
28:59 Wheelbarrow
29:23 Heavy Plow
32:35 Gold Shaft Mining
32:35 Stone Shaft Mining
32:21 Hand Cart
32:48 Fortified Wall
36:48 Imperial Age
34:32 Pikeman
35:43 Scale Barding Armor
35:39 Scale Mail Armor
35:57 Forging
37:04 Chain Barding Armor
37:19 Iron Casting
36:52 Heavy Scorpion
39:35 Plate Barding Armor
39:16 Chain Mail Armor
40:01 Blast Furnace
40:25 Fletching
41:10 Ballistics
41:50 Chemistry
40:56 Siege Engineers
42:24 Double Crossbow
42:45 Conscription
43:00 Hoardings
43:37 Bloodlines
42:48 Light Cavalry
43:50 Bodkin Arrow
43:18 Halberdier
44:12 Husbandry
47:40 Hussar
49:17 Masonry
Cabo
0:32 Loom
10:24 Feudal Age
10:53 Double-Bit Axe
12:17 Wheelbarrow
12:08 Town Watch
12:25 Horse Collar
14:38 Stone Mining
14:38 Gold Mining
19:04 Castle Age
20:46 Bow Saw
27:26 Fletching
28:16 Bodkin Arrow
28:21 Padded Archer Armor
35:02 Imperial Age
35:50 Bracer
36:06 Leather Archer Armor
37:56 Chemistry
37:16 Ballistics
37:24 Conscription
37:15 Capped Ram
39:46 Siege Ram
54:54 Thumb Ring
54:10 Crossbowman
55:22 Hand Cart
M1rc0ss_
12:16 Feudal Age
17:35 Castle Age
15:43 Horse Collar
16:08 Double-Bit Axe
19:22 Loom
19:47 Heavy Plow
19:52 Stone Mining
19:56 Gold Mining
23:30 Wheelbarrow
25:29 Gold Shaft Mining
25:45 Hand Cart
28:05 Husbandry
28:16 Bloodlines
32:07 Imperial Age
30:28 Marauders
30:43 Forging
30:39 Scale Barding Armor
31:17 Bow Saw
30:33 Light Cavalry
31:22 Town Watch
32:16 Iron Casting
31:38 Murder Holes
32:53 Chain Barding Armor
32:41 Town Patrol
32:28 Elite Tarkan
33:27 Pikeman
34:08 Squires
33:54 Arson
35:14 Blast Furnace
34:14 Scale Mail Armor
34:03 Hussar
35:42 Plate Barding Armor
35:12 Elite Tarkan
36:15 Halberdier
49:24 Atheism
Connection lost

Rejoining the realm…

Still unreachable

The connection could not be restored.

Session expired

The server has moved on; the page needs a fresh start.